Capitals vs Canucks
Created - December 22, 2024 at 19:01
Goals
|
| Capitals |
1 |
1 |
1 |
3 |
| Canucks |
0 |
0 |
1 |
1 |
|
Shots
|
| Capitals |
5 |
5 |
17 |
27 |
| Canucks |
13 |
8 |
5 |
26 |
|
1st period
1. Capitals , Phil Kessel 4 (Jeff Skinner 7) at 7:56
Penalties :
Denis Gurianov (Van) for High sticking (Minor) at 11:16, Nicolas Aube-Kubel (Was) for High sticking (Minor) at 18:09
2nd period
2. Capitals , Brandon Gormley 2 (Alexei Marchenko 7, Taylor Hall 12) at 7:59 (PP)
Penalties :
Jason Spezza (Van) for Tripping (Minor) at 7:30, Colten Teubert (Was) for Holding (Minor) at 13:18, Matt Martin (Van) for High sticking (Minor) at 17:13
3rd period
3. Canucks , Brock Boeser 9 (Matt Martin 4, Jason Spezza 3) at 3:12
4. Capitals , Patrick Kane 15 (Colten Teubert 3, Taylor Hall 13) at 9:23
Penalties :
Yanni Gourde (Van) for Holding (Minor) at 0:17, Mark Jankowski (Van) for Hooking (Minor) at 4:33, Yanni Gourde (Van) for Close Hand On Puck (Minor) at 13:48
Goalie Stats
Cory Schneider (Was), 25 saves from 26 shots - (0.962), W, 11-9-2, 60:00 minutes
Petr Mrazek (Van), 24 saves from 27 shots - (0.889), L, 7-8-2, 60:00 minutes
Players Stats for Capitals
Player Name G A P +/- PIM S H SB GA TA FO MP PP MP PK MP
------------------------------------------------------------------------------------
Alexei Marchenko 0 1 1 1 0 1 0 1 0 0 0/0 27:13 5:33 2:21
Blake Pietila 0 0 0 0 0 6 1 0 0 0 0/0 11:51 0:02 0:47
Bobby Ryan 0 0 0 -1 0 2 1 0 0 0 0/1 15:41 4:02 0:00
Brandon Burlon 0 0 0 0 0 0 0 0 0 1 0/0 10:17 0:00 0:00
Brandon Gormley 1 0 1 1 0 1 1 2 0 1 0/0 27:13 5:33 2:21
Cody Hodgson 0 0 0 0 0 3 1 1 0 0 3/11 15:07 4:02 0:43
Colten Teubert 0 1 1 0 2 1 1 1 0 0 0/0 10:25 0:00 0:00
Jeff Skinner 0 1 1 1 0 2 0 0 1 1 0/0 9:14 0:00 0:00
Joe Colborne 0 0 0 -1 0 0 0 1 0 0 4/6 12:21 0:02 0:00
Marko Dano 0 0 0 -1 0 2 0 0 0 0 0/0 16:46 4:02 1:05
Mike Green 0 0 0 0 0 0 0 0 1 0 0/0 22:30 4:51 1:37
Nicklas Backstrom 0 0 0 1 0 0 1 0 0 0 13/26 20:53 6:20 1:05
Nicolas Aube-Kubel 0 0 0 0 2 1 0 1 0 0 0/0 10:47 0:00 0:00
Patrick Kane 1 0 1 1 0 3 3 0 1 0 1/3 22:35 6:22 2:10
Phil Kessel 1 0 1 1 0 3 0 0 1 0 0/0 9:14 0:00 0:00
Sergey Kalinin 0 0 0 1 0 0 0 0 0 0 2/3 9:14 0:00 0:00
Shea Theodore 0 0 0 0 0 1 1 1 0 1 0/0 22:30 4:51 1:37
Taylor Hall 0 2 2 1 0 1 3 0 2 0 2/2 22:09 6:20 2:06
Players Stats for Canucks
Player Name G A P +/- PIM S H SB GA TA FO MP PP MP PK MP
------------------------------------------------------------------------------------
Alex Goligoski 0 0 0 -1 0 0 2 0 0 0 0/0 19:29 1:32 4:39
Ben Harpur 0 0 0 0 0 0 0 0 0 0 0/0 11:34 0:00 0:00
Brock Boeser 1 0 1 0 0 5 2 3 0 0 0/0 13:32 1:32 0:00
Chris Tierney 0 0 0 0 0 1 1 0 1 0 7/12 16:58 1:32 3:25
Daniel Zaar 0 0 0 0 0 0 2 0 1 0 0/0 8:30 0:00 0:00
Denis Gurianov 0 0 0 0 2 2 0 0 1 0 0/0 9:38 0:00 0:26
Gilbert Brule 0 0 0 0 0 1 1 0 0 1 2/4 9:29 0:18 0:18
J.T. Miller 0 0 0 -1 0 2 2 1 0 0 3/7 23:11 2:14 6:18
Jason Spezza 0 1 1 0 2 1 2 0 0 0 0/1 12:06 0:00 2:02
Jordan Eberle 0 0 0 -1 0 3 3 1 0 1 2/2 22:37 2:12 6:02
Mark Jankowski 0 0 0 0 2 1 0 0 0 0 0/0 10:25 0:00 0:20
Matt Martin 0 1 1 0 2 0 5 1 1 0 0/0 13:29 1:29 0:00
Michael Kesselring 0 0 0 0 0 0 0 1 0 0 0/0 11:34 0:00 0:00
Robert Nilsson 0 0 0 0 0 1 0 0 0 0 1/1 10:27 0:26 0:00
Tony DeAngelo 0 0 0 -1 0 0 1 1 0 1 0/0 19:29 1:32 4:39
Travis Hamonic 0 0 0 0 0 2 0 3 0 0 0/0 28:57 2:26 5:45
Tyler Cuma 0 0 0 0 0 1 2 0 0 2 0/0 28:57 2:26 5:45
Yanni Gourde 0 0 0 -1 4 6 3 0 0 1 12/25 19:08 2:11 1:57
3 Stars
1 - Patrick Kane (Was)
2 - Taylor Hall (Was)
3 - Cory Schneider (Was)
Power Play
Capitals - 1 on 6 Attempt(s) - 16.67%
Canucks - 0 on 2 Attempt(s) - 0.00%
Penalty Kill
Capitals - 2 on 2 Attempt(s) - 100.00%
- Score 0 goal in Penalty Kill
Canucks - 5 on 6 Attempt(s) - 83.33%
- Score 0 goal in Penalty Kill
Team Stat
Capitals - Hits : 13 - Faceoff Wins : 25 - Blocked Shots : 8 - Penalty Minutes : 4
Canucks - Hits : 26 - Faceoff Wins : 27 - Blocked Shots : 11 - Penalty Minutes : 12
Official
Referees : Marc Joannette and Corey Syvret
Linesman : Kiel Murchison and James Tobias
Game Notes
No Game Note
Finance
Level 1 -- Attendance: 5470 (91.17%) -- Ticket Income $547,000
Level 2 -- Attendance: 5000 (100.00%) -- Ticket Income $350,000
Level 3 -- Attendance: 2000 (100.00%) -- Ticket Income $80,000
Level 4 -- Attendance: 3562 (89.05%) -- Ticket Income $106,860
Luxury Box -- Attendance: 979 (97.90%) -- Ticket Income $195,800
Game was played at the Rodgers Arena.
Total Attendance: 17011 (94.51%)
Total Ticket Income: $1,279,660
Other Income: $191,949
Total Income: $1,471,609
Capitals
5 vs 5 Forward
Center Left Wing Right Wing Time % Phy DF OF
1 Nicklas Backstrom Taylor Hall Patrick Kane 40 0 1 4
2 Joe Colborne Marko Dano Bobby Ryan 30 0 1 4
3 Cody Hodgson Blake Pietila Nicolas Aube-Kubel 20 0 1 4
4 Sergey Kalinin Jeff Skinner Phil Kessel 10 0 2 3
5 vs 5 Defense
Defense Defense Time % Phy DF OF
1 Brandon Gormley Alexei Marchenko 40 0 3 2
2 Mike Green Shea Theodore 30 0 3 2
3 Colten Teubert Brandon Burlon 20 0 3 2
4 Brandon Gormley Alexei Marchenko 10 0 3 2
PowerPlay Forward
Center Left Wing Right Wing Time % Phy DF OF
1 Nicklas Backstrom Taylor Hall Patrick Kane 60 0 0 5
2 Cody Hodgson Marko Dano Bobby Ryan 40 0 0 5
PowerPlay Defense
Defense Defense Time % Phy DF OF
1 Brandon Gormley Alexei Marchenko 60 0 2 3
2 Mike Green Shea Theodore 40 0 2 3
Penalty Kill 4 Players Forward
Center Wing Time % Phy DF OF
1 Patrick Kane Taylor Hall 60 0 4 1
2 Nicklas Backstrom Marko Dano 40 0 4 1
Penalty Kill 4 Players Defense
Defense Defense Time % Phy DF OF
1 Brandon Gormley Alexei Marchenko 60 0 4 1
2 Mike Green Shea Theodore 40 0 4 1
Penalty Kill - 3 Players Forward
Forward Time % Phy DF OF
1 Patrick Kane 60 0 5 0
2 Taylor Hall 40 0 5 0
Penalty Kill - 3 Players Defense
Defense Defense Time % Phy DF OF
1 Brandon Gormley Alexei Marchenko 60 0 5 0
2 Mike Green Shea Theodore 40 0 5 0
4 vs 4 Forward
Center Wing Time % Phy DF OF
1 Patrick Kane Taylor Hall 60 0 1 4
2 Nicklas Backstrom Marko Dano 40 0 1 4
4 vs 4 Defense
Defense Defense Time % Phy DF OF
1 Brandon Gormley Alexei Marchenko 60 0 3 2
2 Mike Green Shea Theodore 40 0 3 2
Last Minutes Offensive
Center Left Wing Right Wing Defense Defense
Nicklas Backstrom Taylor Hall Patrick Kane Brandon Gormley Alexei Marchenko
Last Minutes Defensive
Center Left Wing Right Wing Defense Defense
Nicklas Backstrom Taylor Hall Patrick Kane Brandon Gormley Alexei Marchenko
Goaltenders
Starting : Cory Schneider
Backup : Chet Pickard
Extra Forwards
Normal : Taylor Hall, Patrick Kane, Marko Dano - PP : Taylor Hall, Patrick Kane - PK : Patrick Kane
Extra Defensemen
Normal : Brandon Gormley, Shea Theodore, Alexei Marchenko - PP : Shea Theodore - PK : Alexei Marchenko, Brandon Gormley
Penalty Shots
Patrick Kane, Taylor Hall, Nicklas Backstrom, Marko Dano, Jeff Skinner
Custom OT Lines Forwards
Patrick Kane, Taylor Hall, Nicklas Backstrom, Marko Dano, Jeff Skinner, Cody Hodgson, Blake Pietila, Bobby Ryan, Joe Colborne, Nicolas Aube-Kubel
Custom OT Lines Defensemen
Brandon Gormley, Alexei Marchenko, Mike Green, Shea Theodore, Colten Teubert
Scratches
None
Canucks
5 vs 5 Forward
Center Left Wing Right Wing Time % Phy DF OF
1 Yanni Gourde J.T. Miller Jordan Eberle 40 1 2 2
2 Chris Tierney Matt Martin Brock Boeser 30 1 2 2
3 Robert Nilsson Mark Jankowski Jason Spezza 20 1 2 2
4 Gilbert Brule Denis Gurianov Daniel Zaar 10 1 2 2
5 vs 5 Defense
Defense Defense Time % Phy DF OF
1 Travis Hamonic Tyler Cuma 40 1 2 2
2 Alex Goligoski Tony DeAngelo 30 1 2 2
3 Ben Harpur Michael Kesselring 20 1 2 2
4 Travis Hamonic Tyler Cuma 10 1 2 2
PowerPlay Forward
Center Left Wing Right Wing Time % Phy DF OF
1 Yanni Gourde J.T. Miller Jordan Eberle 60 1 2 2
2 Chris Tierney Matt Martin Brock Boeser 40 1 2 2
PowerPlay Defense
Defense Defense Time % Phy DF OF
1 Travis Hamonic Tyler Cuma 60 1 2 2
2 Alex Goligoski Tony DeAngelo 40 1 2 2
Penalty Kill 4 Players Forward
Center Wing Time % Phy DF OF
1 J.T. Miller Jordan Eberle 60 1 2 2
2 Yanni Gourde Chris Tierney 40 1 2 2
Penalty Kill 4 Players Defense
Defense Defense Time % Phy DF OF
1 Travis Hamonic Tyler Cuma 60 1 2 2
2 Alex Goligoski Tony DeAngelo 40 1 2 2
Penalty Kill - 3 Players Forward
Forward Time % Phy DF OF
1 J.T. Miller 60 1 2 2
2 Jordan Eberle 40 1 2 2
Penalty Kill - 3 Players Defense
Defense Defense Time % Phy DF OF
1 Travis Hamonic Tyler Cuma 60 1 2 2
2 Alex Goligoski Tony DeAngelo 40 1 2 2
4 vs 4 Forward
Center Wing Time % Phy DF OF
1 J.T. Miller Jordan Eberle 60 1 2 2
2 Yanni Gourde Chris Tierney 40 1 2 2
4 vs 4 Defense
Defense Defense Time % Phy DF OF
1 Travis Hamonic Tyler Cuma 60 1 2 2
2 Alex Goligoski Tony DeAngelo 40 1 2 2
Last Minutes Offensive
Center Left Wing Right Wing Defense Defense
Yanni Gourde J.T. Miller Jordan Eberle Travis Hamonic Tyler Cuma
Last Minutes Defensive
Center Left Wing Right Wing Defense Defense
Yanni Gourde J.T. Miller Jordan Eberle Travis Hamonic Tyler Cuma
Goaltenders
Starting : Petr Mrazek
Backup : Matt Hackett
Extra Forwards
Normal : Robert Nilsson, Gilbert Brule, Jason Spezza - PP : Robert Nilsson, Gilbert Brule - PK : Jason Spezza
Extra Defensemen
Normal : Ben Harpur, Michael Kesselring, Alex Goligoski - PP : Ben Harpur - PK : Michael Kesselring, Alex Goligoski
Penalty Shots
J.T. Miller, Jordan Eberle, Yanni Gourde, Chris Tierney, Matt Martin
Custom OT Lines Forwards
J.T. Miller, Jordan Eberle, Yanni Gourde, Chris Tierney, Matt Martin, Robert Nilsson, Brock Boeser, Gilbert Brule, Jason Spezza, Mark Jankowski
Custom OT Lines Defensemen
Travis Hamonic, Tyler Cuma, Alex Goligoski, Tony DeAngelo, Ben Harpur
Scratches
Oliver Ekman-Larsson (Sprained Left Ankle Injury), Tyler Kennedy (Healthy)
% Time on Ice - Capitals
Lines # - Real PCT - Wanted PCT - Time Play
Normal Forward
1 - 31% - 40% - 14:12
2 - 26% - 30% - 11:39
3 - 23% - 20% - 10:33
4 - 20% - 10% - 9:14
Normal Defense
1 - 39% - 40% - 17:50
2 - 35% - 30% - 16:02
3 - 23% - 20% - 10:17
4 - 3% - 10% - 1:29
PP Forward
1 - 61% - 60% - 6:22
2 - 39% - 40% - 4:02
PP Defense
1 - 53% - 60% - 5:33
2 - 47% - 40% - 4:51
PK Forward
1 - 73% - 60% - 2:53
2 - 27% - 40% - 1:05
PK Defense
1 - 59% - 60% - 2:21
2 - 41% - 40% - 1:37
PK3 Forward
1 - 0% - 60%
2 - 0% - 40%
PK3 Defense
1 - 0% - 60%
2 - 0% - 40%
44 Forward
1 - 0% - 60%
2 - 0% - 40%
44 Defense
1 - 0% - 60%
2 - 0% - 40%
Last Minute Offensive - 0:00
Last Minute Defensive - 0:00
Total
Forward - 60:00
Defense - 60:00
|
% Time on Ice - Canucks
Lines # - Real PCT - Wanted PCT - Time Play
Normal Forward
1 - 33% - 40% - 15:06
2 - 26% - 30% - 12:01
3 - 22% - 20% - 10:01
4 - 19% - 10% - 8:30
Normal Defense
1 - 42% - 40% - 19:18
2 - 29% - 30% - 13:18
3 - 25% - 20% - 11:34
4 - 3% - 10% - 1:28
PP Forward
1 - 61% - 60% - 2:26
2 - 39% - 40% - 1:32
PP Defense
1 - 61% - 60% - 2:26
2 - 39% - 40% - 1:32
PK Forward
1 - 69% - 60% - 7:09
2 - 31% - 40% - 3:15
PK Defense
1 - 55% - 60% - 5:45
2 - 45% - 40% - 4:39
PK3 Forward
1 - 0% - 60%
2 - 0% - 40%
PK3 Defense
1 - 0% - 60%
2 - 0% - 40%
44 Forward
1 - 0% - 60%
2 - 0% - 40%
44 Defense
1 - 0% - 60%
2 - 0% - 40%
Last Minute Offensive - 0:00
Last Minute Defensive - 0:00
Total
Forward - 60:00
Defense - 60:00
|
Play-by-Play
1st period
0:01 of 1st period - Nicklas Backstrom wins face-off versus Yanni Gourde in neutral zone.
0:54 of 1st period - Snap shot by Blake Pietila.
0:54 of 1st period - Stopped by Petr Mrazek with a rebound.
1:44 of 1st period - Wrist shot by Jordan Eberle.
1:44 of 1st period - Stopped by Cory Schneider with a rebound.
1:56 of 1st period - Mark Jankowski is hit by Colten Teubert and loses puck.
2:13 of 1st period - Colten Teubert is hit by Chris Tierney and loses puck.
2:18 of 1st period - Wrist shot by Brock Boeser.
2:18 of 1st period - Stopped by Cory Schneider with a rebound.
2:20 of 1st period - Slapshot by Michael Kesselring.
2:20 of 1st period - Shot Misses the Net.
2:22 of 1st period - Slapshot by Brock Boeser.
2:22 of 1st period - Stopped by Cory Schneider without a rebound.
2:23 of 1st period - Yanni Gourde wins face-off versus Nicklas Backstrom in Capitals zone.
2:30 of 1st period - Snap shot by J.T. Miller.
2:30 of 1st period - Shot Misses the Net.
2:32 of 1st period - Snap shot by J.T. Miller.
2:32 of 1st period - Stopped by Cory Schneider with a rebound.
3:56 of 1st period - Snap shot by Yanni Gourde.
3:56 of 1st period - Stopped by Cory Schneider with a rebound.
3:58 of 1st period - Wrist shot by J.T. Miller.
3:58 of 1st period - Deflect By Yanni Gourde.
3:58 of 1st period - Stopped by Cory Schneider with a rebound.
4:00 of 1st period - Wrist shot by J.T. Miller.
4:00 of 1st period - Shot Misses the Net.
4:02 of 1st period - Snap shot by Jordan Eberle.
4:02 of 1st period - Stopped by Cory Schneider with a rebound.
4:04 of 1st period - Snap shot by J.T. Miller.
4:04 of 1st period - Shot Blocked by Colten Teubert.
5:00 of 1st period - Snap shot by Phil Kessel.
5:00 of 1st period - Shot Misses the Net.
5:59 of 1st period - Icing by Bobby Ryan.
6:00 of 1st period - Gilbert Brule wins face-off versus Cody Hodgson in Capitals zone.
6:11 of 1st period - Gilbert Brule is hit by Blake Pietila and loses puck.
6:40 of 1st period - Slapshot by Denis Gurianov.
6:40 of 1st period - Stopped by Cory Schneider without a rebound.
6:41 of 1st period - Nicklas Backstrom wins face-off versus Yanni Gourde in Capitals zone.
6:53 of 1st period - Patrick Kane is hit by Yanni Gourde and loses puck.
7:56 of 1st period - Wrist shot by Phil Kessel.
7:56 of 1st period - Goal by Phil Kessel - Capitals : 1 - Canucks : 0.
7:57 of 1st period - Yanni Gourde wins face-off versus Nicklas Backstrom in neutral zone.
8:24 of 1st period - Marko Dano is hit by Matt Martin and loses puck.
8:47 of 1st period - Snap shot by Blake Pietila.
8:47 of 1st period - Stopped by Petr Mrazek with a rebound.
8:53 of 1st period - Blake Pietila is hit by Jason Spezza and loses puck.
9:06 of 1st period - Backhand shot by Nicolas Aube-Kubel.
9:06 of 1st period - Stopped by Petr Mrazek with a rebound.
9:08 of 1st period - Slapshot by Shea Theodore.
9:08 of 1st period - Shot Misses the Net.
9:18 of 1st period - Snap shot by Jeff Skinner.
9:18 of 1st period - Stopped by Petr Mrazek with a rebound.
9:32 of 1st period - Patrick Kane is hit by Jordan Eberle.
10:20 of 1st period - Snap shot by Blake Pietila.
10:20 of 1st period - Shot Blocked by Michael Kesselring.
10:55 of 1st period - Patrick Kane is hit by Matt Martin and loses puck.
11:16 of 1st period - Minor Penalty to Denis Gurianov for High sticking.
11:17 of 1st period - J.T. Miller wins face-off versus Nicklas Backstrom in Canucks zone.
13:16 of 1st period - Penalty to Denis Gurianov is over, Denis Gurianov is back on ice.
13:35 of 1st period - Slapshot by Gilbert Brule.
13:35 of 1st period - Stopped by Cory Schneider with a rebound.
14:05 of 1st period - Wrist shot by Robert Nilsson.
14:05 of 1st period - Shot Misses the Net.
14:27 of 1st period - Shea Theodore is hit by Matt Martin and loses puck.
14:46 of 1st period - Mike Green is hit by Jordan Eberle and loses puck.
14:57 of 1st period - Bobby Ryan is hit by Alex Goligoski and loses puck.
15:12 of 1st period - Sergey Kalinin is hit by Jason Spezza and loses puck.
15:30 of 1st period - Slapshot by Blake Pietila.
15:30 of 1st period - Shot Misses the Net.
15:32 of 1st period - Slapshot by Cody Hodgson.
15:32 of 1st period - Shot Blocked by Travis Hamonic.
15:34 of 1st period - Wrist shot by Blake Pietila.
15:34 of 1st period - Shot Blocked by Travis Hamonic.
16:31 of 1st period - Wrist shot by Jason Spezza.
16:31 of 1st period - Deflect By Mark Jankowski.
16:31 of 1st period - Stopped by Cory Schneider with a rebound.
16:37 of 1st period - Wrist shot by Robert Nilsson.
16:37 of 1st period - Shot Misses the Net.
16:39 of 1st period - Wrist shot by Mark Jankowski.
16:39 of 1st period - Deflect By Bobby Ryan.
16:39 of 1st period - Shot Misses the Net.
16:39 of 1st period - Puck is out of play.
16:40 of 1st period - Yanni Gourde wins face-off versus Nicklas Backstrom in Capitals zone.
16:41 of 1st period - Snap shot by Jordan Eberle.
16:41 of 1st period - Shot Blocked by Brandon Gormley.
16:43 of 1st period - Snap shot by Yanni Gourde.
16:43 of 1st period - Shot Misses the Net.
16:49 of 1st period - Wrist shot by J.T. Miller.
16:49 of 1st period - Stopped by Cory Schneider with a rebound.
17:09 of 1st period - Icing by Brock Boeser.
17:10 of 1st period - Chris Tierney wins face-off versus Cody Hodgson in Canucks zone.
17:19 of 1st period - Wrist shot by Brock Boeser.
17:19 of 1st period - Stopped by Cory Schneider with a rebound.
17:21 of 1st period - Snap shot by Chris Tierney.
17:21 of 1st period - Shot Misses the Net.
17:29 of 1st period - Wrist shot by Chris Tierney.
17:29 of 1st period - Shot Blocked by Nicolas Aube-Kubel.
17:45 of 1st period - Wrist shot by Brock Boeser.
17:45 of 1st period - Shot Blocked by Cody Hodgson.
17:47 of 1st period - Wrist shot by Brock Boeser.
17:47 of 1st period - Stopped by Cory Schneider with a rebound.
17:49 of 1st period - Wrist shot by Chris Tierney.
17:49 of 1st period - Shot Misses the Net.
18:07 of 1st period - Snap shot by Brock Boeser.
18:07 of 1st period - Shot Misses the Net.
18:09 of 1st period - Minor Penalty to Nicolas Aube-Kubel for High sticking.
18:10 of 1st period - Jordan Eberle wins face-off versus Patrick Kane in Capitals zone.
19:06 of 1st period - Blake Pietila is hit by J.T. Miller.
19:26 of 1st period - Marko Dano is hit by Matt Martin and loses puck.
Goals for this period are 1 for Capitals vs 0 for Canucks.
Shots for this period are 5 for Capitals vs 13 for Canucks.
2nd period
0:01 of 2nd period - Yanni Gourde wins face-off versus Patrick Kane in neutral zone.
0:09 of 2nd period - Penalty to Nicolas Aube-Kubel is over, Nicolas Aube-Kubel is back on ice.
1:08 of 2nd period - Icing by Shea Theodore.
1:09 of 2nd period - Gilbert Brule wins face-off versus Sergey Kalinin in Capitals zone.
1:18 of 2nd period - Slapshot by Yanni Gourde.
1:18 of 2nd period - Stopped by Cory Schneider without a rebound.
1:19 of 2nd period - Yanni Gourde wins face-off versus Nicklas Backstrom in Capitals zone.
1:22 of 2nd period - Slapshot by Yanni Gourde.
1:22 of 2nd period - Stopped by Cory Schneider with a rebound.
1:24 of 2nd period - Snap shot by Jordan Eberle.
1:24 of 2nd period - Stopped by Cory Schneider without a rebound.
1:25 of 2nd period - Nicklas Backstrom wins face-off versus Yanni Gourde in Capitals zone.
3:38 of 2nd period - Slapshot by Denis Gurianov.
3:38 of 2nd period - Shot Misses the Net.
4:18 of 2nd period - Wrist shot by J.T. Miller.
4:18 of 2nd period - Shot Misses the Net.
4:20 of 2nd period - Wrist shot by J.T. Miller.
4:20 of 2nd period - Shot Misses the Net.
5:08 of 2nd period - Snap shot by Taylor Hall.
5:08 of 2nd period - Shot Blocked by Brock Boeser.
5:28 of 2nd period - Snap shot by Tony DeAngelo.
5:28 of 2nd period - Shot Misses the Net.
5:30 of 2nd period - Wrist shot by Jason Spezza.
5:30 of 2nd period - Stopped by Cory Schneider with a rebound.
5:48 of 2nd period - Snap shot by Yanni Gourde.
5:48 of 2nd period - Shot Misses the Net.
5:57 of 2nd period - Icing by Colten Teubert.
5:58 of 2nd period - Joe Colborne wins face-off versus Gilbert Brule in Capitals zone.
6:22 of 2nd period - Icing by Brandon Burlon.
6:23 of 2nd period - Yanni Gourde wins face-off versus Joe Colborne in Capitals zone.
6:26 of 2nd period - Snap shot by J.T. Miller.
6:26 of 2nd period - Shot Blocked by Joe Colborne.
6:39 of 2nd period - Off-side.
6:40 of 2nd period - Chris Tierney wins face-off versus Nicklas Backstrom in neutral zone.
6:51 of 2nd period - Nicklas Backstrom is hit by Matt Martin and loses puck.
7:30 of 2nd period - Minor Penalty to Jason Spezza for Tripping.
7:31 of 2nd period - Nicklas Backstrom wins face-off versus J.T. Miller in Canucks zone.
7:47 of 2nd period - Snap shot by Patrick Kane.
7:47 of 2nd period - Deflect By Taylor Hall.
7:47 of 2nd period - Shot Misses the Net.
7:47 of 2nd period - Puck is out of play.
7:48 of 2nd period - Jordan Eberle wins face-off versus Nicklas Backstrom in Canucks zone.
7:57 of 2nd period - Backhand shot by Alexei Marchenko.
7:57 of 2nd period - Shot Blocked by Jordan Eberle.
7:59 of 2nd period - Slapshot by Brandon Gormley.
7:59 of 2nd period - Goal by Brandon Gormley - Capitals : 2 - Canucks : 0.
8:00 of 2nd period - Taylor Hall wins face-off versus Yanni Gourde in neutral zone.
8:29 of 2nd period - Alexei Marchenko is hit by Brock Boeser and loses puck.
8:36 of 2nd period - Snap shot by Chris Tierney.
8:36 of 2nd period - Stopped by Cory Schneider with a rebound.
8:38 of 2nd period - Backhand shot by Travis Hamonic.
8:38 of 2nd period - Deflect By Marko Dano.
8:38 of 2nd period - Stopped by Cory Schneider without a rebound.
8:39 of 2nd period - Nicklas Backstrom wins face-off versus Chris Tierney in Capitals zone.
8:39 of 2nd period - Nicklas Backstrom is hit by Brock Boeser.
9:13 of 2nd period - Wrist shot by Yanni Gourde.
9:13 of 2nd period - Stopped by Cory Schneider without a rebound.
9:14 of 2nd period - Yanni Gourde wins face-off versus Bobby Ryan in Capitals zone.
9:15 of 2nd period - Wrist shot by J.T. Miller.
9:15 of 2nd period - Shot Misses the Net.
9:17 of 2nd period - Snap shot by J.T. Miller.
9:17 of 2nd period - Shot Misses the Net.
9:19 of 2nd period - Snap shot by Yanni Gourde.
9:19 of 2nd period - Shot Blocked by Brandon Gormley.
9:56 of 2nd period - Slapshot by Travis Hamonic.
9:56 of 2nd period - Deflect By Yanni Gourde.
9:56 of 2nd period - Shot Blocked by Shea Theodore.
9:56 of 2nd period - Puck is out of play.
9:57 of 2nd period - Chris Tierney wins face-off versus Cody Hodgson in Capitals zone.
10:03 of 2nd period - Off-side.
10:04 of 2nd period - Chris Tierney wins face-off versus Cody Hodgson in neutral zone.
10:37 of 2nd period - Snap shot by Cody Hodgson.
10:37 of 2nd period - Stopped by Petr Mrazek with a rebound.
10:39 of 2nd period - Snap shot by Blake Pietila.
10:39 of 2nd period - Shot Misses the Net.
10:41 of 2nd period - Snap shot by Blake Pietila.
10:41 of 2nd period - Stopped by Petr Mrazek with a rebound.
10:43 of 2nd period - Slapshot by Blake Pietila.
10:43 of 2nd period - Stopped by Petr Mrazek without a rebound.
10:44 of 2nd period - Yanni Gourde wins face-off versus Nicklas Backstrom in Canucks zone.
10:44 of 2nd period - Yanni Gourde is hit by Patrick Kane.
11:10 of 2nd period - Jason Spezza is hit by Bobby Ryan and loses puck.
11:34 of 2nd period - Off-side.
11:35 of 2nd period - Sergey Kalinin wins face-off versus Gilbert Brule in neutral zone.
12:25 of 2nd period - Brandon Gormley is hit by Daniel Zaar and loses puck.
12:32 of 2nd period - Wrist shot by Denis Gurianov.
12:32 of 2nd period - Shot Misses the Net.
12:54 of 2nd period - Wrist shot by Denis Gurianov.
12:54 of 2nd period - Stopped by Cory Schneider without a rebound.
12:55 of 2nd period - Nicklas Backstrom wins face-off versus Yanni Gourde in Capitals zone.
13:18 of 2nd period - Minor Penalty to Colten Teubert for Holding.
13:19 of 2nd period - Patrick Kane wins face-off versus Yanni Gourde in Capitals zone.
13:19 of 2nd period - Patrick Kane is hit by Jordan Eberle.
13:29 of 2nd period - Alexei Marchenko is hit by Tyler Cuma and loses puck.
14:24 of 2nd period - Nicklas Backstrom is hit by Alex Goligoski.
15:18 of 2nd period - Penalty to Colten Teubert is over, Colten Teubert is back on ice.
15:32 of 2nd period - Joe Colborne is hit by Tony DeAngelo.
17:02 of 2nd period - Shea Theodore is hit by Gilbert Brule.
17:13 of 2nd period - Minor Penalty to Matt Martin for High sticking.
17:14 of 2nd period - Nicklas Backstrom wins face-off versus J.T. Miller in Canucks zone.
17:26 of 2nd period - Icing by Mike Green.
17:27 of 2nd period - J.T. Miller wins face-off versus Nicklas Backstrom in Capitals zone.
18:26 of 2nd period - Wrist shot by Patrick Kane.
18:26 of 2nd period - Shot Misses the Net.
18:28 of 2nd period - Snap shot by Patrick Kane.
18:28 of 2nd period - Stopped by Petr Mrazek without a rebound.
18:29 of 2nd period - Yanni Gourde wins face-off versus Cody Hodgson in Canucks zone.
19:13 of 2nd period - Penalty to Matt Martin is over, Matt Martin is back on ice.
19:58 of 2nd period - Slapshot by Phil Kessel.
19:58 of 2nd period - Shot Blocked by Travis Hamonic.
Goals for this period are 1 for Capitals vs 0 for Canucks.
Shots for this period are 5 for Capitals vs 8 for Canucks.
3rd period
0:01 of 3rd period - Taylor Hall wins face-off versus Yanni Gourde in neutral zone.
0:17 of 3rd period - Minor Penalty to Yanni Gourde for Holding.
0:18 of 3rd period - Nicklas Backstrom wins face-off versus J.T. Miller in Canucks zone.
1:39 of 3rd period - Tony DeAngelo is hit by Patrick Kane.
1:53 of 3rd period - Tony DeAngelo is hit by Brandon Gormley and loses puck.
2:10 of 3rd period - Gilbert Brule is hit by Taylor Hall and loses puck.
2:17 of 3rd period - Penalty to Yanni Gourde is over, Yanni Gourde is back on ice.
2:32 of 3rd period - Jordan Eberle is hit by Shea Theodore and loses puck.
2:49 of 3rd period - Slapshot by Travis Hamonic.
2:49 of 3rd period - Stopped by Cory Schneider with a rebound.
2:55 of 3rd period - Colten Teubert is hit by Tyler Cuma and loses puck.
3:12 of 3rd period - Snap shot by Brock Boeser.
3:12 of 3rd period - Goal by Brock Boeser - Capitals : 2 - Canucks : 1.
3:13 of 3rd period - Chris Tierney wins face-off versus Joe Colborne in neutral zone.
3:17 of 3rd period - Off-side.
3:18 of 3rd period - Joe Colborne wins face-off versus Chris Tierney in neutral zone.
3:23 of 3rd period - Wrist shot by Bobby Ryan.
3:23 of 3rd period - Stopped by Petr Mrazek with a rebound.
3:25 of 3rd period - Backhand shot by Brandon Gormley.
3:25 of 3rd period - Shot Blocked by Matt Martin.
3:27 of 3rd period - Snap shot by Marko Dano.
3:27 of 3rd period - Shot Misses the Net.
3:29 of 3rd period - Snap shot by Bobby Ryan.
3:29 of 3rd period - Stopped by Petr Mrazek with a rebound.
3:31 of 3rd period - Slapshot by Alexei Marchenko.
3:31 of 3rd period - Stopped by Petr Mrazek with a rebound.
3:33 of 3rd period - Slapshot by Joe Colborne.
3:33 of 3rd period - Shot Hit the Post.
3:49 of 3rd period - Wrist shot by Blake Pietila.
3:49 of 3rd period - Stopped by Petr Mrazek without a rebound.
3:50 of 3rd period - Cody Hodgson wins face-off versus Yanni Gourde in Canucks zone.
4:16 of 3rd period - Robert Nilsson is hit by Taylor Hall and loses puck.
4:33 of 3rd period - Minor Penalty to Mark Jankowski for Hooking.
4:34 of 3rd period - Nicklas Backstrom wins face-off versus J.T. Miller in Canucks zone.
6:33 of 3rd period - Penalty to Mark Jankowski is over, Mark Jankowski is back on ice.
6:39 of 3rd period - Snap shot by Jason Spezza.
6:39 of 3rd period - Shot Misses the Net.
6:41 of 3rd period - Wrist shot by Ben Harpur.
6:41 of 3rd period - Shot Blocked by Alexei Marchenko.
6:43 of 3rd period - Slapshot by Ben Harpur.
6:43 of 3rd period - Shot Misses the Net.
7:29 of 3rd period - Icing by Chris Tierney.
7:30 of 3rd period - Cody Hodgson wins face-off versus Yanni Gourde in Canucks zone.
7:47 of 3rd period - Bobby Ryan is hit by Yanni Gourde.
8:39 of 3rd period - Blake Pietila is hit by Daniel Zaar and loses puck.
9:11 of 3rd period - Wrist shot by Jeff Skinner.
9:11 of 3rd period - Stopped by Petr Mrazek without a rebound.
9:12 of 3rd period - Nicklas Backstrom wins face-off versus Chris Tierney in Canucks zone.
9:13 of 3rd period - Slapshot by Patrick Kane.
9:13 of 3rd period - Stopped by Petr Mrazek with a rebound.
9:19 of 3rd period - Slapshot by Patrick Kane.
9:19 of 3rd period - Shot Misses the Net.
9:21 of 3rd period - Snap shot by Colten Teubert.
9:21 of 3rd period - Stopped by Petr Mrazek with a rebound.
9:23 of 3rd period - Snap shot by Patrick Kane.
9:23 of 3rd period - Goal by Patrick Kane - Capitals : 3 - Canucks : 1.
9:24 of 3rd period - Yanni Gourde wins face-off versus Nicklas Backstrom in neutral zone.
10:01 of 3rd period - Wrist shot by Matt Martin.
10:01 of 3rd period - Shot Misses the Net.
10:03 of 3rd period - Slapshot by Tyler Cuma.
10:03 of 3rd period - Stopped by Cory Schneider with a rebound.
10:32 of 3rd period - Daniel Zaar is hit by Nicklas Backstrom and loses puck.
10:56 of 3rd period - Icing by Sergey Kalinin.
10:57 of 3rd period - Sergey Kalinin wins face-off versus Yanni Gourde in Capitals zone.
11:26 of 3rd period - Slapshot by Shea Theodore.
11:26 of 3rd period - Deflect By Phil Kessel.
11:26 of 3rd period - Shot Misses the Net.
11:26 of 3rd period - Puck is out of play.
11:27 of 3rd period - Nicklas Backstrom wins face-off versus Chris Tierney in Canucks zone.
12:26 of 3rd period - Wrist shot by Cody Hodgson.
12:26 of 3rd period - Deflect By Blake Pietila.
12:26 of 3rd period - Stopped by Petr Mrazek with a rebound.
13:02 of 3rd period - Snap shot by Phil Kessel.
13:02 of 3rd period - Deflect By Matt Martin.
13:02 of 3rd period - Stopped by Petr Mrazek with a rebound.
13:04 of 3rd period - Wrist shot by Phil Kessel.
13:04 of 3rd period - Shot Blocked by Brock Boeser.
13:06 of 3rd period - Wrist shot by Phil Kessel.
13:06 of 3rd period - Stopped by Petr Mrazek without a rebound.
13:07 of 3rd period - Joe Colborne wins face-off versus Yanni Gourde in Canucks zone.
13:14 of 3rd period - Wrist shot by Bobby Ryan.
13:14 of 3rd period - Deflect By Marko Dano.
13:14 of 3rd period - Stopped by Petr Mrazek without a rebound.
13:15 of 3rd period - Joe Colborne wins face-off versus Yanni Gourde in Canucks zone.
13:20 of 3rd period - Wrist shot by Joe Colborne.
13:20 of 3rd period - Shot Blocked by J.T. Miller.
13:22 of 3rd period - Slapshot by Shea Theodore.
13:22 of 3rd period - Stopped by Petr Mrazek with a rebound.
13:24 of 3rd period - Slapshot by Mike Green.
13:24 of 3rd period - Deflect By Bobby Ryan.
13:24 of 3rd period - Shot Misses the Net.
13:24 of 3rd period - Puck is out of play.
13:25 of 3rd period - Nicklas Backstrom wins face-off versus Yanni Gourde in Canucks zone.
13:48 of 3rd period - Minor Penalty to Yanni Gourde for Close Hand On Puck.
13:49 of 3rd period - J.T. Miller wins face-off versus Nicklas Backstrom in Canucks zone.
13:49 of 3rd period - J.T. Miller is hit by Patrick Kane.
13:59 of 3rd period - Slapshot by Taylor Hall.
13:59 of 3rd period - Stopped by Petr Mrazek with a rebound.
14:23 of 3rd period - Jordan Eberle is hit by Cody Hodgson and loses puck.
14:32 of 3rd period - Snap shot by Cody Hodgson.
14:32 of 3rd period - Stopped by Petr Mrazek without a rebound.
14:33 of 3rd period - Nicklas Backstrom wins face-off versus Jason Spezza in Canucks zone.
14:34 of 3rd period - Snap shot by Taylor Hall.
14:34 of 3rd period - Deflect By Patrick Kane.
14:34 of 3rd period - Shot Blocked by Tony DeAngelo.
14:34 of 3rd period - Puck is out of play.
14:35 of 3rd period - Chris Tierney wins face-off versus Nicklas Backstrom in Canucks zone.
14:54 of 3rd period - Wrist shot by Marko Dano.
14:54 of 3rd period - Stopped by Petr Mrazek with a rebound.
15:48 of 3rd period - Penalty to Yanni Gourde is over, Yanni Gourde is back on ice.
16:03 of 3rd period - Joe Colborne is hit by J.T. Miller and loses puck.
16:14 of 3rd period - Snap shot by Yanni Gourde.
16:14 of 3rd period - Shot Misses the Net.
16:22 of 3rd period - Snap shot by Denis Gurianov.
16:22 of 3rd period - Shot Misses the Net.
16:26 of 3rd period - Snap shot by Yanni Gourde.
16:26 of 3rd period - Stopped by Cory Schneider without a rebound.
16:27 of 3rd period - Robert Nilsson wins face-off versus Cody Hodgson in Capitals zone.
17:28 of 3rd period - Snap shot by Robert Nilsson.
17:28 of 3rd period - Stopped by Cory Schneider without a rebound.
17:29 of 3rd period - Cody Hodgson wins face-off versus Chris Tierney in Capitals zone.
17:34 of 3rd period - Snap shot by Nicolas Aube-Kubel.
17:34 of 3rd period - Shot Blocked by Brock Boeser.
17:36 of 3rd period - Wrist shot by Cody Hodgson.
17:36 of 3rd period - Stopped by Petr Mrazek without a rebound.
17:37 of 3rd period - Chris Tierney wins face-off versus Cody Hodgson in Canucks zone.
17:41 of 3rd period - Off-side.
17:42 of 3rd period - Yanni Gourde wins face-off versus Cody Hodgson in neutral zone.
18:52 of 3rd period - Michael Kesselring is hit by Taylor Hall and loses puck.
19:08 of 3rd period - Off-side.
19:09 of 3rd period - Yanni Gourde wins face-off versus Nicklas Backstrom in neutral zone.
19:55 of 3rd period - Patrick Kane is hit by Yanni Gourde and loses puck.
Goals for this period are 1 for Capitals vs 1 for Canucks.
Shots for this period are 17 for Capitals vs 5 for Canucks.
Output by the SimonT Hockey Simulator (STHS) for Francois Prevost